 Dungeon Sprint DCSS version 0.26-a0-1184-g95e395e029 (webtiles) character file.

Game seed: 15138698059641866469

12850 rocky1 the Blocker (level 11, -20/96 HPs)
             Began as a Gnoll Fighter on Dec 28, 2020.
             Was the Champion of Sif Muna.
             Demolished by a vampire knight
             ... wielding a +1 great mace
              (32 damage)
             ... while paralysed by a vampire knight
             ... in the Dungeon (Sprint VII: "The Pits").
             The game lasted 00:21:33 (3869 turns).

rocky1 the Blocker (Gnoll Fighter)                  Turns: 3869, Time: 00:21:33

Health: -20/96     AC: 18    Str: 24    XL:     11   Next: 99%
Magic:  24/26      EV:  2    Int: 14    God:    Sif Muna [******]
Gold:   41         SH:  0    Dex: 15    Spells: 24/32 levels left

rFire    . . .     SeeInvis .   b - +2 scimitar (holy)
rCold    . . .     Faith    .   c - +0 kite shield
rNeg     . . .     Spirit   .   w - +5 ring mail
rPois    .         Reflect  .   (no helmet)
rElec    .         Harm     .   (no cloak)
rCorr    .         Rampage  .   (no gloves)
Will     .....     NoTele   +   p - +0 pair of boots
Stlth    ++++......             (no amulet)
HPRegen  0.26/turn              r - +3 ring of strength
MPRegen  0.20/turn              s - +3 ring of strength

@: paralysed, icy armour
A: distributed training, fangs 1, strong nose
a: Renounce Religion, Channel Magic, Forget Spell, Divine Exegesis


You were in the Dungeon.
You worshipped Sif Muna.
Sif Muna was exalted by your worship.
You visited 1 branch You collected 41 gold pieces.

Inventory:

Hand Weapons
 a - a +2 war axe of freezing
 b - a +2 scimitar of holy wrath (weapon)
 u - a +2 mace of protection
 y - a +1 antimagic war axe
Missiles
 o - 12 stones (quivered)
Armour
 c - a +0 kite shield (worn)
 p - a +0 pair of boots (worn)
 w - a +5 ring mail (worn)
Magical Staves
 x - an uncursed staff of fire
Jewellery
 j - an uncursed ring of protection from fire
 r - a +3 ring of strength (left hand)
 s - a +3 ring of strength (right hand)
 v - an uncursed ring of willpower
 E - an uncursed ring of ice
Scrolls
 l - 5 scrolls of remove curse
 m - 5 scrolls of amnesia
 z - a scroll of fear
 A - 4 scrolls of enchant armour
 B - a scroll of fog
 C - 2 scrolls of identify
Potions
 d - a potion of might
 e - 2 potions of mutation
 f - 5 potions of heal wounds
 g - 6 potions of haste
 h - 4 potions of magic
 k - 2 potions of invisibility
 q - 7 potions of curing
 t - a potion of brilliance
 D - a potion of flight


   Skills:
 + Level 12.5 Fighting
 + Level 11.0 Short Blades
 + Level 11.0 Long Blades
 + Level 11.8 Axes
 + Level 11.0 Maces & Flails
 + Level 11.0 Polearms
 + Level 11.0 Staves
 + Level 11.0 Slings
 + Level 11.0 Bows
 + Level 11.0 Crossbows
 + Level 11.0 Throwing
 + Level 12.5 Armour
 + Level 11.0 Dodging
 + Level 11.0 Stealth
 + Level 12.5 Shields
 + Level 11.0 Unarmed Combat
 + Level 11.0 Spellcasting
 + Level 9.3 Conjurations
 + Level 9.3 Hexes
 + Level 9.3 Summonings
 + Level 9.3 Necromancy
 + Level 9.3 Translocations
 + Level 9.3 Transmutations
 + Level 9.3 Fire Magic
 + Level 9.3 Ice Magic
 + Level 9.3 Air Magic
 + Level 9.3 Earth Magic
 + Level 9.3 Poison Magic
 + Level 11.8 Invocations
 + Level 11.0 Evocations


You had 24 spell levels left.
You knew the following spells:

 Your Spells              Type           Power        Failure   Level
a - Frozen Ramparts       Ice            66%          1%          3
b - Ozocubu's Armour      Ice            33%          1%          3
c - Blink                 Tloc           N/A          1%          2

Your spell library contained the following spells:

 Spells                   Type           Power        Failure   Level
 Pain                     Necr           100%         1%          1
 Shock                    Conj/Air       100%         1%          1
 Sting                    Tmut/Pois      100%         1%          1
 Summon Small Mammal      Summ           100%         1%          1
 Corpse Rot               Necr/Air       N/A          1%          2
 Ensorcelled Hibernation  Hex/Ice        66%          1%          2
 Poisonous Vapours        Pois/Air       66%          1%          2
 Slow                     Hex            33%          1%          2
 Call Canine Familiar     Summ           33%          1%          3
 Confusing Touch          Hex            33%          1%          3
 Conjure Flame            Conj/Fire      33%          1%          3
 Gell's Gravitas          Tloc           16%          1%          3
 Ignite Poison            Fire/Tmut/Pois 33%          1%          3
 Mephitic Cloud           Conj/Pois/Air  33%          1%          3
 Portal Projectile        Hex/Tloc       66%          1%          3
 Spider Form              Tmut/Pois      16%          1%          3
 Summon Guardian Golem    Hex/Summ       33%          1%          3
 Teleport Other           Tloc           33%          1%          3
 Airstrike                Air            16%          3%          4
 Animate Dead             Necr           16%          3%          4
 Hailstorm                Conj/Ice       33%          3%          4
 Iskenderun's Mystic Bla  Conj/Tloc      33%          3%          4
 Olgreb's Toxic Radiance  Pois           33%          3%          4
 Summon Ice Beast         Ice/Summ       33%          3%          4
 Excruciating Wounds      Necr           16%          11%         5
 Irradiate                Conj/Tmut      16%          11%         5
 Silence                  Hex/Air        16%          11%         5
 Yara's Violent Unravell  Hex/Tmut       16%          11%         5
 Conjure Ball Lightning   Conj/Air       16%          52%         6
 Dispersal                Tloc           16%          52%         6
 Invisibility             Hex            33%          52%         6
 Shadow Creatures         Summ           N/A          52%         6
 Simulacrum               Ice/Necr       16%          52%         6
 Haunt                    Necr/Summ      16%          97%         7
 Borgnjor's Revivificati  Necr           16%          100%        8
 Discord                  Hex            16%          100%        8
 Ignition                 Fire           16%          100%        8
 Summon Horrible Things   Summ           16%          100%        8
 Fire Storm               Conj/Fire      16%          100%        9


Dungeon Overview and Level Annotations

Branches:
Dungeon (1/1)

Altars:
Ashenzari
Cheibriados
Dithmenos
Elyvilon
Fedhas
Gozag
Hepliaklqana
Kikubaaqudgha
Makhleb
Nemelex Xobeh
Okawaru
Qazlal
Ru
Sif Muna
Trog
Uskayaw
Vehumet
Wu Jian
Xom
Yredelemnul
Zin
The Shining One
Beogh
Jiyva
Lugonu

Annotations:
D Josephine


Innate Abilities, Weirdness & Mutations

Your experience applies equally to all skills.
You have very sharp teeth.
Your uncanny sense of smell can sniff out nearby items.


Message History

The vampire knight bites you but does no damage.
Your small abomination hits the vampire knight but does no damage.
Your small abomination hits the vampire knight!
You feel much better.
The vampire knight hits your small abomination with a +1 great mace!!
Your small abomination is destroyed!
Your small abomination hits the vampire knight!
You hit the vampire knight.
The vampire knight convulses.
Your bite misses the vampire knight.
The vampire knight is severely damaged.
The vampire knight points at you and mumbles some strange words.
You suddenly lose the ability to move!
The vampire knight hits you with a +1 great mace!!
* * * LOW HITPOINT WARNING * * *
The vampire knight bites you.
* * * LOW HITPOINT WARNING * * *
The vampire knight draws strength from your injuries!
Your small abomination hits the vampire knight.
The vampire knight hits you with a +1 great mace!!
You die...

#++####### #.........
#......T.V ∆ #..#######
#..#∆∆ ∆∆ ∆ #..#∆∆ ∆∆ ######
∆∆ #.V# .##..# #x@# .##..#
#..# .''..# #..#
.''.†##########..#
.##..............#∆∆ ∆∆ ∆∆
.##..............#∆∆ ∆∆ ∆∆
##################
############ #### ###########
...........###..##....#..#[.#


You could see a vampire knight (fast) and a friendly small abomination
(summoned).

Vanquished Creatures
  An emperor scorpion (D)
  A vampire knight (D)
  A great orb of eyes (D)
  2 boulder beetles (D)
  2 sea snakes (D)
  A deep troll (D)
  A lindwurm (D)
  3 deep elf magi (D)
  An orange demon (D)
  A gargoyle (D)
  A freezing wraith (D)
  A red devil (D)
  A wind drake (D)
  3 slime creatures (D)
  A spriggan (D)
  A redback (D)
  A tarantella (D)
  2 vampires (D)
  4 wraiths (D)
  3 yaks (D)
  A wyvern (D)
  A fire bat (D)
  4 vampire mosquitoes (D)
  A warg (D)
  A floating eye (D)
  A swamp drake (D)
  An ice beast (D)
  2 eyes of draining (D)
  A wolf (D)
  A centaur (D)
  5 wights (D)
  An orc wizard (D)
  An orc priest (D)
  2 iguanas (D)
  A hell rat (D)
  2 worker ants (D)
  2 adders (D)
  2 gnolls (D)
  A river rat (D)
  An ufetubus (D)
  An ooze (D)
  3 worms (D)
  6 orcs (D)
  A bat skeleton (D)
  A giant cockroach (D)
  A hobgoblin (D)
  A kobold (D)
  5 quokkas (D)
  A bat (D)
84 creatures vanquished.

Notes
Turn   | Place    | Note
-------+----------+-------------------------------------------
     0 | D        | rocky1 the Gnoll Fighter began the quest for the Orb.
     0 | D        | Reached XP level 1. HP: 23/23 MP: 1/1
    11 | D        | Noticed a worker ant
    13 | D        | Killed a worker ant
    14 | D        | Reached skill level 1 in Short Blades
    14 | D        | Reached skill level 1 in Long Blades
    14 | D        | Reached skill level 1 in Maces & Flails
    14 | D        | Reached skill level 1 in Polearms
    14 | D        | Reached skill level 1 in Staves
    14 | D        | Reached skill level 1 in Slings
    14 | D        | Reached skill level 1 in Bows
    14 | D        | Reached skill level 1 in Crossbows
    14 | D        | Reached skill level 1 in Throwing
    14 | D        | Reached skill level 1 in Dodging
    14 | D        | Reached skill level 1 in Stealth
    14 | D        | Reached skill level 1 in Unarmed Combat
    14 | D        | Reached skill level 1 in Spellcasting
    14 | D        | Reached skill level 1 in Conjurations
    14 | D        | Reached skill level 1 in Hexes
    14 | D        | Reached skill level 1 in Summonings
    14 | D        | Reached skill level 1 in Necromancy
    14 | D        | Reached skill level 1 in Translocations
    14 | D        | Reached skill level 1 in Transmutations
    14 | D        | Reached skill level 1 in Fire Magic
    14 | D        | Reached skill level 1 in Ice Magic
    14 | D        | Reached skill level 1 in Air Magic
    14 | D        | Reached skill level 1 in Earth Magic
    14 | D        | Reached skill level 1 in Poison Magic
    14 | D        | Reached skill level 1 in Invocations
    14 | D        | Reached skill level 1 in Evocations
    14 | D        | Reached XP level 2. HP: 29/29 MP: 1/4
    43 | D        | Found a bloodstained altar of Trog.
    43 | D        | Found a shimmering blue altar of Sif Muna.
    43 | D        | Found a viscous altar of Jiyva.
    43 | D        | Found a hazy altar of Hepliaklqana.
    43 | D        | Found an opulent altar of Gozag.
    44 | D        | Found a glowing golden altar of the Shining One.
    44 | D        | Found a glowing silver altar of Zin.
    44 | D        | Found a basalt altar of Yredelemnul.
    44 | D        | Found a shimmering altar of Xom.
    44 | D        | Found an ornate altar of the Wu Jian Council.
    44 | D        | Found a sacrificial altar of Ru.
    44 | D        | Found a stormy altar of Qazlal.
    44 | D        | Found an iron altar of Okawaru.
    44 | D        | Found a sparkling altar of Nemelex Xobeh.
    44 | D        | Found a burning altar of Makhleb.
    44 | D        | Found a blossoming altar of Fedhas.
    44 | D        | Found a white marble altar of Elyvilon.
    44 | D        | Found a shadowy altar of Dithmenos.
    44 | D        | Found a snail-covered altar of Cheibriados.
    47 | D        | Found a corrupted altar of Lugonu.
    47 | D        | Found a radiant altar of Vehumet.
    47 | D        | Found a roughly hewn altar of Beogh.
    48 | D        | Found an ancient bone altar of Kikubaaqudgha.
    48 | D        | Found a hide-covered altar of Uskayaw.
    48 | D        | Found a broken altar of Ashenzari.
    49 | D        | Became a worshipper of Sif Muna the Loreminder
    66 | D        | Reached XP level 3. HP: 35/35 MP: 5/5
    70 | D        | Reached skill level 5 in Axes
   103 | D        | Reached * piety under Sif Muna
   384 | D        | Noticed a floating eye
   391 | D        | Paralysed by a floating eye for 4 turns
   399 | D        | Reached ** piety under Sif Muna
   402 | D        | Paralysed by a floating eye for 2 turns
   410 | D        | Reached XP level 4. HP: 19/43 MP: 7/7
   412 | D        | Killed a floating eye
   413 | D        | Reached XP level 5. HP: 21/48 MP: 7/10
   683 | D        | Reached *** piety under Sif Muna
   687 | D        | Reached XP level 6. HP: 45/56 MP: 10/12
   694 | D        | Reached **** piety under Sif Muna
   698 | D        | Reached skill level 5 in Invocations
   715 | D        | Reached skill level 5 in Short Blades
   715 | D        | Reached skill level 5 in Long Blades
   715 | D        | Reached skill level 5 in Maces & Flails
   715 | D        | Reached skill level 5 in Polearms
   715 | D        | Reached skill level 5 in Staves
   715 | D        | Reached skill level 5 in Slings
   715 | D        | Reached skill level 5 in Bows
   715 | D        | Reached skill level 5 in Crossbows
   715 | D        | Reached skill level 5 in Throwing
   715 | D        | Reached skill level 5 in Dodging
   715 | D        | Reached skill level 5 in Stealth
   715 | D        | Reached skill level 5 in Unarmed Combat
   715 | D        | Reached skill level 5 in Spellcasting
   715 | D        | Reached skill level 5 in Evocations
   719 | D        | Reached ***** piety under Sif Muna
   719 | D        | Identified Sif Muna's Almanac of Enchantment and Companions
                  | (Sif Muna gifted it to you in the Dungeon)
   719 | D        | Received a gift from Sif Muna
   927 | D        | Reached XP level 7. HP: 63/63 MP: 14/14
   928 | D        | Noticed a redback
   934 | D        | Killed a redback
  1005 | D        | Identified Redumazo's Reference Book on Weightlessness and
                  | Malediction (Sif Muna gifted it to you in the Dungeon)
  1005 | D        | Received a gift from Sif Muna
  1019 | D        | Reached skill level 5 in Conjurations
  1019 | D        | Reached skill level 5 in Hexes
  1019 | D        | Reached skill level 5 in Summonings
  1019 | D        | Reached skill level 5 in Necromancy
  1019 | D        | Reached skill level 5 in Translocations
  1019 | D        | Reached skill level 5 in Transmutations
  1019 | D        | Reached skill level 5 in Fire Magic
  1019 | D        | Reached skill level 5 in Ice Magic
  1019 | D        | Reached skill level 5 in Air Magic
  1019 | D        | Reached skill level 5 in Earth Magic
  1019 | D        | Reached skill level 5 in Poison Magic
  1019 | D        | Reached XP level 8. HP: 48/71 MP: 1/17
  1155 | D        | Got the +2 dire flail of Febbig {venom, rPois rF+ Dex-2
                  | SInv}
  1284 | D        | Noticed a vampire
  1284 | D        | Noticed a yak
  1284 | D        | Noticed a yak
  1284 | D        | Noticed a yak
  1316 | D        | Killed a yak
  1321 | D        | Killed a yak
  1323 | D        | Killed a yak
  1335 | D        | Killed a vampire
  1660 | D        | Noticed an orange demon
  1660 | D        | Noticed a tarantella
  1669 | D        | Noticed a red devil
  1672 | D        | Killed an orange demon
  1672 | D        | Identified Sif Muna's Guide on the Glacier (Sif Muna gifted
                  | it to you in the Dungeon)
  1672 | D        | Received a gift from Sif Muna
  1673 | D        | Reached XP level 9. HP: 77/78 MP: 19/19
  1703 | D        | Reached skill level 10 in Fighting
  1703 | D        | Reached skill level 10 in Armour
  1703 | D        | Reached skill level 10 in Shields
  1768 | D        | Killed a red devil
  1922 | D        | Learned a level 3 spell: Frozen Ramparts
  1926 | D        | Learned a level 3 spell: Ozocubu's Armour
  1946 | D        | Noticed a deep elf mage
  1955 | D        | Noticed a freezing wraith
  1955 | D        | Noticed a sea snake
  1960 | D        | Identified Sif Muna's Volume of Ghastly Heat (Sif Muna
                  | gifted it to you in the Dungeon)
  1960 | D        | Received a gift from Sif Muna
  1972 | D        | Noticed a jumping spider
  1976 | D        | Killed a freezing wraith
  1980 | D        | Killed a deep elf mage
  1981 | D        | Reached XP level 10. HP: 40/86 MP: 17/22
  1991 | D        | Killed a sea snake
  2234 | D        | Noticed a gargoyle
  2246 | D        | Reached ****** piety under Sif Muna
  2250 | D        | Identified Sif Muna's Disquisition on the Compass (Sif Muna
                  | gifted it to you in the Dungeon)
  2250 | D        | Received a gift from Sif Muna
  2253 | D        | Killed a gargoyle
  2254 | D        | Reached skill level 10 in Axes
  2463 | D        | Noticed a boulder beetle
  2484 | D        | Killed a boulder beetle
  2485 | D        | Reached skill level 10 in Invocations
  2616 | D        | Noticed a vampire knight
  2616 | D        | Noticed a boulder beetle
  2625 | D        | Killed a vampire knight
  2626 | D        | Reached XP level 11. HP: 93/93 MP: 24/24
  2637 | D        | Killed a boulder beetle
  2637 | D        | Identified Sif Muna's Incunabulum of Excruciating
                  | Transmigration (Sif Muna gifted it to you in the Dungeon)
  2637 | D        | Received a gift from Sif Muna
  2772 | D        | Learned a level 2 spell: Blink
  2773 | D        | Noticed a lindwurm
  2773 | D        | Noticed a sea snake
  2773 | D        | Noticed a deep elf mage
  2828 | D        | Killed a deep elf mage
  2829 | D        | Reached skill level 10 in Short Blades
  2829 | D        | Reached skill level 10 in Long Blades
  2829 | D        | Reached skill level 10 in Maces & Flails
  2829 | D        | Reached skill level 10 in Polearms
  2829 | D        | Reached skill level 10 in Staves
  2829 | D        | Reached skill level 10 in Slings
  2829 | D        | Reached skill level 10 in Bows
  2829 | D        | Reached skill level 10 in Crossbows
  2829 | D        | Reached skill level 10 in Throwing
  2829 | D        | Reached skill level 10 in Dodging
  2829 | D        | Reached skill level 10 in Stealth
  2829 | D        | Reached skill level 10 in Unarmed Combat
  2829 | D        | Reached skill level 10 in Spellcasting
  2829 | D        | Reached skill level 10 in Evocations
  3065 | D        | Noticed a deep elf mage
  3065 | D        | Noticed a great orb of eyes
  3078 | D        | Killed a sea snake
  3078 | D        | Identified Sif Muna's Compendium of the Sinister Escort
                  | (Sif Muna gifted it to you in the Dungeon)
  3078 | D        | Received a gift from Sif Muna
  3081 | D        | Killed a great orb of eyes
  3087 | D        | Killed a deep elf mage
  3098 | D        | Killed a lindwurm
  3098 | D        | Identified Atinyri's Grimoire of the Floating Entourage
                  | (Sif Muna gifted it to you in the Dungeon)
  3098 | D        | Received a gift from Sif Muna
  3489 | D        | Noticed a phantasmal warrior
  3489 | D        | Noticed an emperor scorpion
  3489 | D        | Noticed Josephine
  3707 | D        | Killed an emperor scorpion
  3821 | D        | Noticed a deep troll
  3823 | D        | Noticed a vampire knight
  3845 | D        | Killed a deep troll
  3854 | D        | HP: 4/96 [something (13)]
  3868 | D        | Paralysed by a vampire knight for 3 turns
  3869 | D        | Demolished by a vampire knight

Illustrated notes

Levels and vault maps discovered:
D:        pitsprint [storerooms_1, entrance_room_1, metal_vault_1, armoury_1,
          mini_pit_1, grid_room_1, main_hall_1, silver_pit, the_coven_1,
          the_vestibule_1, steel_vault_4, golden_pit, hallway_of_sentries,
          crystal_vault_4, iron_vault_1, final_vault]

Skill      XL: |  1  2  3  4  5  6  7  8  9 10 11 |
---------------+----------------------------------+-----
Short Blades   | 1 2 3 4 5 6 7 8 9 11 | 11.0
Long Blades    | 1 2 3 4 5 6 7 8 9 11 | 11.0
Maces & Flails | 1 2 3 4 5 6 7 8 9 11 | 11.0
Polearms       | 1 2 3 4 5 6 7 8 9 11 | 11.0
Staves         | 1 2 3 4 5 6 7 8 9 11 | 11.0
Slings         | 1 2 3 4 5 6 7 8 9 11 | 11.0
Bows           | 1 2 3 4 5 6 7 8 9 11 | 11.0
Crossbows      | 1 2 3 4 5 6 7 8 9 11 | 11.0
Throwing       | 1 2 3 4 5 6 7 8 9 11 | 11.0
Dodging        | 1 2 3 4 5 6 7 8 9 11 | 11.0
Stealth        | 1 2 3 4 5 6 7 8 9 11 | 11.0
Unarmed Combat | 1 2 3 4 5 6 7 8 9 11 | 11.0
Spellcasting   | 1 2 3 4 5 6 7 8 9 11 | 11.0
Conjurations   | 1 2 3 4 5 6 8 9 |  9.3
Hexes          | 1 2 3 4 5 6 8 9 |  9.3
Summonings     | 1 2 3 4 5 6 8 9 |  9.3
Necromancy     | 1 2 3 4 5 6 8 9 |  9.3
Translocations | 1 2 3 4 5 6 8 9 |  9.3
Transmutations | 1 2 3 4 5 6 8 9 |  9.3
Fire Magic     | 1 2 3 4 5 6 8 9 |  9.3
Ice Magic      | 1 2 3 4 5 6 8 9 |  9.3
Air Magic      | 1 2 3 4 5 6 8 9 |  9.3
Earth Magic    | 1 2 3 4 5 6 8 9 |  9.3
Poison Magic   | 1 2 3 4 5 6 8 9 |  9.3
Invocations    | 1 2 4 5 6 8 9 10 11 | 11.8
Evocations     | 1 2 3 4 5 6 7 8 9 11 | 11.0
Axes           | 5 6 7 8 9 10 11 | 11.8
Fighting       | 7 8 9 10 11 12 | 12.5
Armour         | 7 8 9 10 11 12 | 12.5
Shields        | 7 8 9 10 11 12 | 12.5

Action                   |  1- 3 |  4- 6 |  7- 9 | 10-12 || total
-------------------------+-------+-------+-------+-------++-------
Melee: War axe           |    30 |     3 |    65 |    96 ||   194
       Bite              |     1 |     7 |    18 |    31 ||    57
       Long sword        |       |    56 |    33 |       ||    89
       Hand axe          |       |       |    17 |       ||    17
       Scimitar          |       |       |    19 |    67 ||    86
       Mace              |       |       |     7 |    11 ||    18
 Cast: Frozen Ramparts   |       |       |     2 |     9 ||    11
       Ozocubu's Armour  |       |       |       |     4 ||     4
  Use: Potion            |     1 |       |     6 |    15 ||    22
       Scroll            |       |       |     1 |     2 ||     3
 Stab: Sleeping          |       |       |       |     1 ||     1
Armor: Scale mail        |    14 |    25 |     9 |       ||    48
       Ring mail         |       |       |    45 |    33 ||    78
Dodge: Dodged            |     9 |     7 |    92 |    66 ||   174
Block: Kite shield       |    13 |    16 |    80 |    82 ||   191
       Rpst.: Long sword |       |     4 |     1 |       ||     5
       Scimitar          |       |       |     3 |     3 ||     6

Table legend: (Time is in decaauts)
 A = Elapsed time spent in this place.
 B = Non-inter-level travel time spent in this place.
 C = Inter-level travel time spent in this place.
 D = Time resting spent in this place.
 E = Time spent auto-exploring this place.
 F = Levels seen in this place.
 G = Mean time per level.
                   A        B        C        D        E       F      G
               +--------+--------+--------+--------+--------+-----+--------+
         Total |   3938 |   3938 |      0 |   2382 |      0 |   1 | 3938.0 |
       Dungeon |   3938 |   3938 |      0 |   2382 |      0 |   1 | 3938.0 |
               +--------+--------+--------+--------+--------+-----+--------+

Top non-repeatable levels by time:
       D: 3938 daAuts
